Map: Frozen Temple

Players

capac - Winner!

  • Race: Terran Terran
  • League: Gold

A.I. 1 (Elite)

  • Race: Zerg Zerg

VOD

Have the link to the VOD?

Description

Time

  • Played on: April 29, 2016, 11:25 a.m.
  • Length: 11:04
Show
View Real Time Build Order
Export as new Build Order

capac Terran - Winner!

Build Orders: Reaper Expand, MMM Bio 

Get SALT Encoding   

  12  0:01  SCV  
  13  0:13  SCV  
  14  0:20  Supply Depot  
  14  0:25  SCV  
  15  0:42  SCV  
  16  0:44  Barracks  
  16  0:48  Refinery  
  16  0:56  SCV  
  17  1:08  SCV  
  18  1:20  SCV  
  19  1:38  Orbital Command  
  19  1:39  Reaper  
  20  1:48  Command Center  
  20  1:53  Supply Depot  
  20  2:08  SCV  
  21  2:11  Marine  
  22  2:23  Factory  
  22  2:33  Barracks  
  22  2:37  Refinery  
  22  2:39  Barracks Reactor  
  22  2:52  SCV  
  23  3:02  Orbital Command  
  23  3:05  SCV  
  24  3:07  Factory Tech Lab  
  24  3:15  Marine x2  
  24  3:17  SCV  
  27  3:23  Barracks Tech Lab  
  27  3:24  Barracks  
  27  3:29  SCV  
  27  3:33  Marine x2  
  30  3:35  Siege Tank  
  30  3:40  SCV  
  34  3:41  SCV  
  35  3:58  Bunker, SCV  
  35  3:59  Marine x3, SCV  
  35  4:02  Stimpack  
  40  4:11  Siege Tank  
  43  4:18  SCV x2  
  43  4:19  Marine  
  43  4:20  Refinery  
  46  4:24  Supply Depot  
  46  4:27  Supply Depot  
  46  4:29  Marine x3  
  49  4:31  SCV  
  49  4:32  SCV  
  49  4:37  Marine  
  52  4:45  Starport  
  52  4:47  Barracks Reactor  
  52  4:49  SCV x2  
  52  4:50  Marine x2  
  56  4:55  Marine  
  57  5:02  Armory  
  57  5:10  Barracks  
  57  5:11  SCV x2  
  59  5:16  Marine  
  59  5:17  Marine x2  
  59  5:18  Refinery  
  62  5:23  Medivac  
  64  5:32  Siege Tank  
  64  5:33  Marine  
  64  5:34  Marine  
  69  5:38  SCV  
  70  5:44  Supply Depot  
  70  5:46  Supply Depot  
  70  5:50  SCV  
  70  5:53  Starport Reactor  
  71  5:58  Marine x2  
  73  6:04  Siege Tank, Barracks Reactor  
  73  6:09  Combat Shields  
  73  6:10  Marine  
  73  6:11  Marine x2  
  79  6:20  Supply Depot  
  79  6:25  Marine x2  
  82  6:28  Marine  
  82  6:31  Medivac x2  
  86  6:34  Marine  
  86  6:36  Marine  
  88  6:42  Marine x2  
  88  6:43  Marine  
  91  7:00  Engineering Bay x2  
  91  7:03  Supply Depot  
  91  7:13  Marine x4  
  91  7:14  Marine x2  
  97  7:16  Marine  
  98  7:31  Marine  
  76  7:59  Medivac  
  76  8:00  Marine x5, Medivac  
  76  8:01  Marine x2  
  76  8:02  Siege Tank  
  90  8:18  Marine x4  
  93  8:31  Marine x3  
  96  8:35  Marine  
  96  8:46  Marine x2  
  96  8:47  Marine  
  96  8:48  Siege Tank  
  100  8:49  Marine  
  100  8:51  Medivac x2  
  102  9:19  Marine x4  
  102  9:20  Marine, Siege Tank  
  110  9:36  Marine  
  110  9:43  Marine  
  110  9:49  Marine  
  110  9:55  Marine  
  110  10:02  Marine x2  
  110  10:10  Marine, Medivac  
  110  10:21  Marine  
  110  10:35  Marine  
  110  10:39  Marine  
  110  10:43  Supply Depot  
  110  10:49  Command Center  
  110  10:51  Command Center  
Show
View Real Time Build Order
Export as new Build Order

A.I. 1 (Elite) Zerg 

Build Orders: Hatch First 

Get SALT Encoding   

  12  0:00  Drone  
  13  0:12  Overlord  
  13  0:17  Drone  
  14  0:30  Drone x2  
  14  0:34  Drone  
  17  0:54  Hatchery  
  17  0:56  Drone  
  17  1:12  Spawning Pool  
  17  1:14  Extractor  
  17  1:16  Drone  
  16  1:19  Drone  
  16  1:23  Drone  
  18  1:27  Drone  
  19  1:38  Overlord  
  19  1:49  Drone  
  20  2:00  Queen, Zergling x2  
  23  2:06  Drone  
  24  2:09  Queen  
  26  2:18  Drone  
  27  2:24  Drone  
  27  2:25  Extractor  
  27  2:26  Drone  
  28  2:30  Drone  
  29  2:42  Roach Warren  
  29  2:44  Drone  
  29  2:47  Drone  
  29  2:49  Zergling x2  
  31  2:53  Zergling x2  
  32  2:59  Overlord  
  32  3:04  Drone  
  33  3:05  Drone  
  34  3:21  Roach x2  
  34  3:24  Roach x2  
  42  3:32  Lair  
  42  3:37  Overlord  
  42  3:42  Overlord  
  42  3:45  Zergling x2  
  42  3:48  Zergling x2  
  44  3:56  Zergling x2, Drone x2  
  44  3:58  Drone  
  44  4:00  Drone  
  49  4:03  Drone  
  49  4:08  Overlord  
  50  4:12  Roach  
  50  4:15  Roach  
  54  4:19  Roach  
  54  4:22  Roach  
  58  4:25  Overlord  
  58  4:32  Drone, Hydralisk Den  
  58  4:34  Drone  
  58  4:36  Drone  
  60  4:39  Roach  
  60  4:42  Roach  
  64  4:46  Overlord  
  64  5:01  Hydralisk x2, Drone  
  64  5:02  Hydralisk, Drone  
  64  5:04  Drone  
  64  5:06  Drone  
  74  5:08  Drone  
  74  5:11  Overlord  
  75  5:14  Drone  
  75  5:15  Drone  
  75  5:17  Drone  
  75  5:19  Drone  
  75  5:21  Drone  
  80  5:23  Drone  
  80  5:24  Drone  
  80  5:26  Drone  
  83  5:29  Drone  
  83  5:32  Overlord  
  84  5:42  Infestation Pit  
  83  5:43  Drone  
  83  5:47  Metabolic Boost  
  83  5:49  Evolution Chamber  
  83  6:00  Hatchery, Evolution Chamber  
  83  6:03  Drone  
  82  6:04  Drone  
  83  6:13  Evolution Chamber  
  83  6:14  Drone  
  83  6:15  Zerg Missile Weapons Level 1  
  83  6:19  Infestor  
  83  6:20  Extractor  
  83  6:21  Drone  
  83  6:22  Extractor  
  83  6:23  Drone  
  83  6:25  Infestor  
  87  6:26  Zerg Melee Weapons Level 1  
  87  6:42  Drone  
  87  6:44  Overlord, Drone x3  
  91  6:50  Zerg Ground Armor Level 1  
  91  6:52  Spine Crawler  
  91  6:53  Drone  
  91  6:56  Ravager  
  91  6:58  Spine Crawler, Drone  
  91  6:59  Roach  
  94  7:06  Ravager  
  97  7:08  Overlord, Roach  
  97  7:12  Overseer  
  97  7:13  Drone x3  
  97  7:14  Drone x4  
  97  7:15  Drone  
  105  7:20  Drone  
  105  7:21  Hydralisk  
  105  7:22  Drone x2  
  110  7:23  Drone  
  110  7:24  Extractor  
  110  7:25  Drone  
  110  7:26  Baneling Nest  
  109  7:30  Overlord, Drone x2  
  109  7:32  Drone  
  109  7:33  Drone  
  113  7:37  Drone  
  113  7:43  Zergling x2  
  104  7:44  Zergling x2  
  104  7:48  Extractor, Roach  
  82  7:52  Zergling x2, Hydralisk  
  82  7:53  Roach  
  82  7:54  Infestor  
  82  7:55  Drone  
  82  7:59  Zergling x2  
  82  8:01  Zergling x6  
  82  8:05  Zergling x4  
  86  8:08  Overseer  
  86  8:10  Baneling, Infestor  
  88  8:16  Zergling x4  
  88  8:17  Spore Crawler  
  88  8:18  Baneling  
  88  8:19  Baneling x3, Spore Crawler  
  88  8:21  Zergling x2  
  88  8:24  Hydralisk  
  88  8:25  Zergling x2, Drone  
  85  8:27  Zergling x2, Roach  
  85  8:32  Roach  
  85  8:33  Zergling x2, Drone  
  85  8:34  Baneling, Roach  
  91  8:38  Hydralisk, Drone  
  89  8:43  Zergling x2  
  81  8:51  Roach  
  77  8:56  Drone  
  77  8:59  Zergling x2  
  67  9:03  Roach  
  67  9:05  Roach  
  67  9:08  Zergling x2  
  61  9:10  Roach  
  61  9:13  Roach  
  61  9:16  Roach  
  61  9:18  Hydralisk, Roach  
  61  9:25  Zergling x2  
  61  9:28  Roach  
  53  9:31  Drone, Zergling x2, Hydralisk, Overseer  
  41  9:57  Zergling x2  
  41  9:59  Queen  
  36  10:00  Zergling x2, Roach  
  37  10:17  Zergling x2  
  37  10:20  Zergling x2  
  37  10:23  Hatchery  
Tags
 
Add a new tag
Caveats
  • Supply blocks, unpowered buildings, or Contaminate may cause inaccurate times.
  • Supply counts are checked every 10 seconds.